 Dungeon Crawl Stone Soup version 0.17-a0-26-g7f25774 (webtiles) character file.

540 dr0g0th the Firebug (level 7, -2/39 HPs)
             Began as an Imp Fire Elementalist on Apr 3, 2015.
             Slain by a flying skull (8 damage)
             ... created by the anger of Yredelemnul
             ... on level 4 of the Dungeon.
             The game lasted 00:19:19 (3856 turns).

dr0g0th the Firebug (Imp Fire Elementalist)         Turns: 3856, Time: 00:19:20

Health: -2/39      AC:  4    Str:  7    XL:     7   Next: 5%
Magic:  12/15      EV: 21    Int: 16    God:    Xom [.*....]
Gold:   229        SH:  0    Dex: 17    Spells: 2 memorised, 9 levels left

rFire  + + .     SeeInvis .     o - +0 rapier
rCold  x x .     Clarity  +     i - +0 robe
rNeg   + + +     SustAb   .     (shield restricted)
rPois  ∞         Gourm    .     (helmet restricted)
rElec  .         Spirit   .     (no cloak)
rCorr  .         Warding  .     (gloves unavailable)
rMut   .         Rnd*Tele +     (boots unavailable)
MR     .....                    (no amulet)
Stlth  ++........               (no ring)
                                l - ring of fire

@: not resistant to hostile enchantments, unstealthy
A: unfitting armour, yellow scales 1, blink 2, clarity, fire resistance 1,
negative energy resistance 3, regeneration 1, screaming 3, teleportitis 2,
torment resistance, cold vulnerability 1
a: Blink, Renounce Religion


You were on level 4 of the Dungeon.
You worshipped Xom.
You were a plaything of Xom.
You were very hungry.

You visited 1 branch of the dungeon, and saw 5 of its levels.

You collected 229 gold pieces.

Inventory:

Hand weapons
 k - a +1 short sword
 o - a +0 rapier (weapon)
Armour
 a - a +0 robe
 i - a +0 robe (worn)
Jewellery
 l - a ring of fire (left hand)
Scrolls
 h - a scroll of identify
 j - a scroll of magic mapping
Potions
 m - a potion of might
Books
 b - a book of Flames

   Spells                             Type                      Level
   a - Flame Tongue                   Conjuration/Fire             1
   b - Throw Flame                    Conjuration/Fire             2
   c - Conjure Flame                  Conjuration/Fire             3
   d - Inner Flame                    Hexes/Fire                   3
   e - Sticky Flame                   Conjuration/Fire             4
   f - Fireball                       Conjuration/Fire             5
Comestibles
 c - 3 bread rations
 d - a poisonous chunk of flesh
 g - a slice of pizza


   Skills:
 + Level 1.7 Fighting
 + Level 1.4 Short Blades
 + Level 5.6 Dodging
 - Level 2.2 Stealth
 + Level 3.3 Spellcasting
 + Level 2.9 Conjurations
 * Level 5.9 Fire Magic


You had 9 spell levels left.
You knew the following spells:

 Your Spells              Type           Power        Failure   Level  Hunger
a - Flame Tongue          Conj/Fire      ####.        3%          1    None
b - Throw Flame           Conj/Fire      ####..       6%          2    ##.....


Dungeon Overview and Level Annotations

Branches:
Dungeon (5/15)
 Temple: D:4-7

Altars:
Dithmenos
Elyvilon
Fedhas
Nemelex Xobeh
Qazlal
Sif Muna
Vehumet
Xom
Yredelemnul


Innate Abilities, Weirdness & Mutations

You are immune to poison.
You are tiny and cannot use many weapons and most armour.
You are good at translocating small distances at will.
Your flesh is heat resistant.
You are immune to negative energy.
Your natural rate of healing is unusually fast.
You frequently scream uncontrollably at your foes.
Space sometimes distorts in your vicinity.
You are immune to unholy pain and torment.
You are vulnerable to cold.
You are partially covered in yellow scales (AC +2).
You possess an exceptional clarity of mind.


Message History

You fail to use your ability.
The flying skull misses you. The flying skull hits you.
The flying skull barely misses you. The flying skull hits you.
Use which ability? (? or * to list)
You blink.
You feel slightly more hungry. The flying skull closely misses you.
Your surroundings seem slightly different.
Use which ability? (? or * to list)
You blink.
You feel slightly more hungry.
Use which ability? (? or * to list)
You blink.
You feel slightly more hungry. The flying skull misses you.
The flying skull barely misses you.
Use which ability? (? or * to list)
You blink.
You feel slightly more hungry.
Xom opens a gate.
The flying skull hits you!
* * * LOW HITPOINT WARNING * * *
The flying skull completely misses you. The flying skull hits you!
You die...
Xom snickers!

..#.#..#.##
#............)...(.(
...#...#.#
##............#####[.
....##..#####...........###
##.
........#.##....#......##
## ##........#..######....#
# ###........## ###.....#
## ##.###...#
##.5§....##### ##. #..#
##..###.z...##.....####..
####.#
#....§z@######..........
.##..# #.....###
##....####... .....##
##..##..# #....## ##..
##....###..####.#
#..##.######.. ##>..>....#
..##.. #.........
##.......## #....
##......## ##..#....## ..<
##.....# #.####....# ##.
#....## .## #..##.#
###....#


You could see 2 flying skulls and a friendly ufetubus.

Vanquished Creatures
  A giant frog zombie (D:5)
  4 orc priests
  A giant frog skeleton (D:4)
  A centaur skeleton (D:5)
  A worker ant (D:4)
  Ijyb (D:2)
  A hound skeleton (D:4)
  2 adders
  A shadow imp (D:5)
  2 worms (D:2)
  An ufetubus (D:5)
  An adder skeleton (D:4)
  A giant gecko (D:1)
  6 orcs
  12 bats
  3 giant cockroaches
  8 goblins
  7 hobgoblins
  9 jackals
  2 quokkas (D:2)
  7 giant newts
  A goblin zombie (D:5)
  13 kobolds
  11 rats
97 creatures vanquished.

Vanquished Creatures (collateral kills)
  A centaur zombie (D:4)
  Eustachio (D:5)
  A mummy (D:4)
  An adder (D:4)
  A rat (D:4)
5 creatures vanquished.

Vanquished Creatures (others)
  A shadow imp (D:4)
  An ufetubus (D:4)
  A bat (D:5)
  3 butterflies (D:5)
6 creatures vanquished.

Grand Total: 108 creatures vanquished

Notes
Turn   | Place    | Note
--------------------------------------------------------------
     0 | D:1      | dr0g0th, the Imp Fire Elementalist, began the quest for the Orb.
     0 | D:1      | Reached XP level 1. HP: 10/10 MP: 3/3
    60 | D:1      | You fall through a shaft!
    64 | D:2      | Found a basalt altar of Yredelemnul.
   121 | D:2      | Became a worshipper of Yredelemnul the Dark
   134 | D:2      | Found a shimmering altar of Xom.
   140 | D:2      | Found a sparkling altar of Nemelex Xobeh.
   140 | D:2      | Found a deep blue altar of Sif Muna.
   140 | D:2      | Found a shadowy altar of Dithmenos.
   140 | D:2      | Found a white marble altar of Elyvilon.
   185 | D:2      | Fell from the grace of Yredelemnul
   185 | D:2      | Became a worshipper of Xom of Chaos
   203 | D:2      | Reached skill level 1 in Conjurations
   332 | D:1      | Reached skill level 4 in Fire Magic
   345 | D:1      | XOM: harmless Pois miscast
   347 | D:1      | Reached XP level 2. HP: 15/15 MP: 2/4
   473 | D:1      | XOM: potion effect (haste)
   686 | D:2      | Reached XP level 3. HP: 16/20 MP: 3/6
   736 | D:2      | Learned a level 2 spell: Throw Flame
   984 | D:2      | Found a stormy altar of Qazlal.
  1648 | D:3      | Reached XP level 4. HP: 24/24 MP: 0/8
  1713 | D:3      | XOM: harmless Summ miscast
  1867 | D:3      | Noticed Ijyb
  1873 | D:2      | XOM: blink monster(s)
  1884 | D:2      | XOM: potion effect (brilliance)
  1901 | D:2      | Killed Ijyb
  1973 | D:2      | XOM: scenery: create altars
  2035 | D:3      | Reached skill level 1 in Fighting
  2102 | D:3      | XOM: enchant monster (good)
  2147 | D:3      | Reached XP level 5. HP: 17/29 MP: 1/10
  2408 | D:3      | Reached skill level 5 in Fire Magic
  2686 | D:3      | Noticed a wraith
  2775 | D:4      | Found a blossoming altar of Fedhas.
  2780 | D:4      | Noticed a centaur zombie
  2783 | D:4      | XOM: enchant monster (good)
  2784 | D:4      | XOM: summons 5 friendly demons
  2807 | D:4      | Killed a centaur zombie
  2978 | D:4      | Found a radiant altar of Vehumet.
  3151 | D:4      | Reached XP level 6. HP: 26/34 MP: 3/13
  3273 | D:4      | Noticed a vampire
  3278 | D:4      | XOM: noise
  3306 | D:5      | Entered Level 5 of the Dungeon
  3326 | D:5      | XOM: enchant monster (good)
  3342 | D:5      | XOM: enchant monster (good)
  3349 | D:5      | Reached skill level 1 in Short Blades
  3349 | D:5      | Reached skill level 5 in Dodging
  3473 | D:5      | Noticed Eustachio
  3483 | D:5      | XOM: butterfly on damage
  3484 | D:5      | XOM: enchant monster (good)
  3491 | D:5      | XOM: enchant monster (good)
  3507 | D:5      | Noticed a water moccasin
  3519 | D:5      | XOM: divine lightning (protected)
  3538 | D:5      | XOM: 1-stop teleportation journey
  3612 | D:5      | XOM: 2-stop teleportation journey
  3669 | D:5      | Noticed a flying skull
  3669 | D:5      | Noticed a flying skull
  3669 | D:5      | Noticed a flying skull
  3669 | D:5      | Noticed a flying skull
  3670 | D:5      | XOM: fog
  3692 | D:4      | Gained mutation: You are partially covered in yellow scales (AC +2). [potion of beneficial mutation]
  3705 | D:4      | XOM: confusion (+ monsters)
  3736 | D:5      | XOM: confusion (+ monsters)
  3740 | D:5      | Killed Eustachio
  3740 | D:5      | Gained mutation: Your flesh is heat resistant. [demonic growth]
  3740 | D:5      | Gained mutation: You are vulnerable to cold. [demonic growth]
  3740 | D:5      | Reached XP level 7. HP: 31/39 MP: 2/15
  3782 | D:5      | XOM: give mutation
  3782 | D:5      | Gained mutation: You possess an exceptional clarity of mind. [Xom's grace]
  3792 | D:5      | XOM: mild Conj miscast
  3835 | D:5      | XOM: mild Divn miscast
  3838 | D:5      | XOM: summons friendly crimson imp
  3856 | D:4      | XOM: summons friendly ufetubus
  3856 | D:4      | Slain by a flying skull

Action                   |  1- 3 |  4- 6 |  7- 9 || total
-------------------------+-------+-------+-------++-------
Melee: Unarmed           |    51 |       |       ||    51
       Short sword       |    59 |   138 |       ||   197
       Rapier            |       |    37 |     6 ||    43
 Cast: Flame Tongue      |    38 |       |       ||    38
       Throw Flame       |    22 |    77 |     3 ||   102
 Abil: Blink             |       |    11 |     7 ||    18
  Use: Scroll            |     5 |     6 |       ||    11
       Potion            |       |     7 |       ||     7
 Stab: Distracted        |       |     2 |       ||     2
  Eat: Chunk             |     4 |     6 |     1 ||    11
       Pizza             |       |     1 |       ||     1
       Meat ration       |       |     1 |       ||     1
